[ PARTIDA AOE2 · #505163230 ]
UnrankedYurchen vs Japanese
[ ANÁLISIS DE REPETICIÓN · EXTRAÍDO DE LA PARTIDA GRABADA ]
Feudal
10:44
Castillos
17:02
Imperial
42:02
| APM promedio | 26.9 |
| APM pico | 83 |
| eAPM promedio | 16.7 |
| Aldeanos / militares | 165 / 485 |
Foco
⚔️ 45.4% · 🌾 54.6%
Spearman ×206 · Steppe Lancer ×124 · Unknown (1911) ×85 · Fire Lancer ×75 · Battering Ram ×41 · Iron Pagoda ×38
Feudal
9:38
Castillos
17:13
Imperial
38:44
| APM promedio | 33.9 |
| APM pico | 116 |
| eAPM promedio | 17.7 |
| Aldeanos / militares | 98 / 238 |
Foco
⚔️ 32.5% · 🌾 67.5%
Ballista Elephant ×139 · Scout Cavalry ×95 · Trade Cart ×10 · Trebuchet (Packed) ×3 · Monk ×1
Feudal
11:04
Castillos
20:04
Imperial
63:51
| APM promedio | 17.7 |
| APM pico | 45 |
| eAPM promedio | 11.9 |
| Aldeanos / militares | 137 / 109 |
Foco
⚔️ 27.7% · 🌾 72.3%
Spearman ×92 · Scout Cavalry ×10 · Battering Ram ×4 · Skirmisher ×2 · Monk ×1
Feudal
11:35
Castillos
18:42
Imperial
39:07
| APM promedio | 15.4 |
| APM pico | 36 |
| eAPM promedio | 11.2 |
| Aldeanos / militares | 103 / 520 |
Foco
⚔️ 42.9% · 🌾 57.1%
Scout Cavalry ×227 · Knight ×203 · Obuch ×88 · Trade Cart ×46 · Militia ×2
Feudal
12:47
Castillos
16:41
Imperial
34:15
| APM promedio | 25.4 |
| APM pico | 92 |
| eAPM promedio | 18.4 |
| Aldeanos / militares | 146 / 347 |
Foco
⚔️ 43.8% · 🌾 56.2%
Boyar ×196 · Militia ×73 · Mangonel ×61 · Battering Ram ×11 · Trebuchet (Packed) ×4 · Monk ×2
Feudal
10:21
Castillos
17:30
Imperial
34:29
| APM promedio | 39.5 |
| APM pico | 115 |
| eAPM promedio | 22.6 |
| Aldeanos / militares | 125 / 302 |
Foco
⚔️ 42.4% · 🌾 57.6%
Scout Cavalry ×165 · Mameluke ×99 · Hand Cannoneer ×17 · Bombard Cannon ×12 · Battering Ram ×4 · Trebuchet (Packed) ×3
Feudal
11:38
Castillos
16:42
Imperial
32:09
| APM promedio | 16.0 |
| APM pico | 53 |
| eAPM promedio | 11.4 |
| Aldeanos / militares | 141 / 191 |
Foco
⚔️ 37.6% · 🌾 62.4%
Spearman ×119 · Hussite Wagon ×59 · Bombard Cannon ×13
Feudal
10:29
Castillos
17:46
Imperial
43:26
| APM promedio | 20.7 |
| APM pico | 86 |
| eAPM promedio | 15.8 |
| Aldeanos / militares | 130 / 391 |
Foco
⚔️ 55.4% · 🌾 44.6%
Scout Cavalry ×249 · Janissary ×71 · Scorpion ×54 · Bombard Cannon ×16 · Mangonel ×1
Mapa de la partida
Recursos iniciales + cada clic de construcción. Líneas = muros · curvas = relieve. ◆ oro · ⬟ piedra · ● bayas · ✦ reliquia · ◌ hueco del cierre
Tu base· ✓ Cerrada en 17:02 · 0t muro · 2 puerta(s)
Base de vitavidal91· ✓ Cerrada en 17:13 · 0t muro · 2 puerta(s)
Base de BrettOps· ✓ Cerrada en 20:04 · 40t muro · 3 puerta(s)
Base de felipegarcia92· ✓ Cerrada en 18:42 · 0t muro · 3 puerta(s)
Base de LenientFiddle· ✓ Cerrada en 16:41 · 0t muro · 3 puerta(s)
Base de Ratchet08· ✓ Cerrada en 17:30 · 1t muro · 4 puerta(s)
Base de superflas007z· ✓ Cerrada en 16:42 · 0t muro · 2 puerta(s)
Base de Josep Zicri· ✓ Cerrada en 17:46 · 0t muro · 2 puerta(s)
Terreno inicial suavizado · ◌ = hueco del cierre detectado · pasá el cursor para detalles
Inputs por minuto
— GuilleLeopold17 - - vitavidal91
Build order — GuilleLeopold17
Primeras 150 de 671 acciones detectadas
| 0:04 | Encolar | Villager (Male) |
| 0:04 | Encolar | Villager (Male) |
| 0:04 | Encolar | Villager (Male) |
| 0:04 | Encolar | Villager (Male) |
| 0:06 | Construir | House |
| 0:13 | Construir | House |
| 1:38 | Encolar | Villager (Male) |
| 1:38 | Encolar | Villager (Male) |
| 1:47 | Encolar | Villager (Male) |
| 1:47 | Encolar | Villager (Male) |
| 1:47 | Encolar | Villager (Male) |
| 2:18 | Construir | Lumber Camp |
| 2:51 | Encolar | Villager (Male) |
| 2:51 | Encolar | Villager (Male) |
| 3:17 | Encolar | Villager (Male) |
| 3:17 | Encolar | Villager (Male) |
| 3:17 | Encolar | Villager (Male) |
| 3:52 | Encolar | Villager (Male) |
| 3:53 | Encolar | Villager (Male) |
| 4:05 | Construir | House |
| 4:05 | Construir | House |
| 4:19 | Encolar | Villager (Male) |
| 4:25 | Encolar | Villager (Male) |
| 4:25 | Encolar | Villager (Male) |
| 4:25 | Encolar | Villager (Male) |
| 4:33 | Encolar | Villager (Male) |
| 5:19 | Encolar | Villager (Male) |
| 5:19 | Encolar | Villager (Male) |
| 5:19 | Encolar | Villager (Male) |
| 5:19 | Encolar | Villager (Male) |
| 6:02 | Construir | Mill |
| 6:29 | Encolar | Villager (Male) |
| 6:29 | Encolar | Villager (Male) |
| 7:07 | Encolar | Villager (Male) |
| 7:07 | Encolar | Villager (Male) |
| 7:52 | Construir | Mining Camp |
| 8:05 | Encolar | Villager (Male) |
| 8:33 | Investigar | Feudal Age |
| 8:52 | Construir | House |
| 9:19 | Encolar | Villager (Male) |
| 9:20 | Encolar | Villager (Male) |
| 9:56 | Construir | Barracks |
| 10:44 | Edad | Edad Feudal |
| 11:03 | Construir | Blacksmith |
| 11:30 | Encolar | Villager (Male) |
| 12:17 | Encolar | Villager (Male) |
| 12:18 | Encolar | Villager (Male) |
| 12:52 | Construir | Archery Range |
| 13:57 | Construir | Farm |
| 14:22 | Investigar | Castle Age |
| 14:22 | Investigar | Castle Age |
| 14:49 | Construir | Farm |
| 14:49 | Construir | Farm |
| 15:00 | Investigar | Double-Bit Axe |
| 15:00 | Investigar | Double-Bit Axe |
| 15:53 | Encolar | Villager (Male) |
| 15:53 | Encolar | Villager (Male) |
| 15:53 | Encolar | Villager (Male) |
| 16:17 | Construir | Farm |
| 16:17 | Construir | Farm |
| 16:17 | Construir | Farm |
| 16:17 | Construir | Farm |
| 16:18 | Construir | Farm |
| 16:21 | Investigar | Horse Collar |
| 16:41 | Construir | House |
| 16:42 | Construir | House |
| 17:02 | Edad | Edad de los Castillos |
| 17:05 | Construir | Town Center |
| 17:11 | Encolar | Villager (Male) |
| 17:11 | Encolar | Villager (Male) |
| 17:15 | Encolar | Unit 1911 |
| 17:15 | Encolar | Unit 1911 |
| 17:16 | Encolar | Unit 1911 |
| 17:16 | Encolar | Unit 1911 |
| 17:36 | Construir | Siege Workshop |
| 17:41 | Encolar | Villager (Male) |
| 17:42 | Encolar | Villager (Male) |
| 17:48 | Encolar | Villager (Male) |
| 17:49 | Encolar | Villager (Male) |
| 17:55 | Construir | Farm |
| 17:56 | Construir | Farm |
| 17:56 | Construir | Farm |
| 17:56 | Construir | Farm |
| 17:56 | Construir | Farm |
| 17:57 | Construir | Farm |
| 17:57 | Construir | Farm |
| 17:58 | Construir | Farm |
| 17:58 | Construir | Farm |
| 17:58 | Construir | Farm |
| 18:14 | Encolar | Villager (Male) |
| 18:15 | Encolar | Villager (Male) |
| 18:36 | Encolar | Villager (Male) |
| 18:37 | Encolar | Villager (Male) |
| 19:06 | Construir | Town Center |
| 19:09 | Encolar | Villager (Male) |
| 19:09 | Encolar | Villager (Male) |
| 19:10 | Encolar | Villager (Male) |
| 19:10 | Encolar | Villager (Male) |
| 19:15 | Encolar | Unit 1911 |
| 19:16 | Encolar | Unit 1911 |
| 19:31 | Encolar | Villager (Male) |
| 19:38 | Construir | Farm |
| 19:38 | Construir | Farm |
| 19:38 | Construir | Farm |
| 19:38 | Construir | Farm |
| 19:45 | Encolar | Villager (Male) |
| 19:45 | Encolar | Villager (Male) |
| 19:46 | Encolar | Villager (Male) |
| 20:32 | Encolar | Villager (Male) |
| 20:32 | Encolar | Villager (Male) |
| 20:32 | Encolar | Villager (Male) |
| 20:36 | Encolar | Battering Ram |
| 20:36 | Encolar | Battering Ram |
| 20:41 | Encolar | Unit 1911 |
| 20:41 | Encolar | Unit 1911 |
| 20:41 | Encolar | Unit 1911 |
| 20:41 | Encolar | Unit 1911 |
| 20:58 | Construir | House |
| 20:59 | Construir | House |
| 21:15 | Construir | Monastery |
| 21:20 | Encolar | Villager (Male) ×4 |
| 21:20 | Encolar | Villager (Male) ×4 |
| 21:47 | Encolar | Unit 1911 |
| 21:47 | Encolar | Unit 1911 |
| 21:47 | Encolar | Unit 1911 |
| 21:53 | Encolar | Iron Pagoda |
| 22:00 | Encolar | Villager (Male) ×2 |
| 22:01 | Encolar | Villager (Male) ×2 |
| 22:01 | Encolar | Villager (Male) ×2 |
| 22:08 | Encolar | Monk |
| 22:25 | Encolar | Villager (Male) |
| 22:34 | Construir | House |
| 22:34 | Construir | House |
| 22:35 | Construir | House |
| 22:48 | Construir | Farm |
| 22:49 | Construir | Farm |
| 22:49 | Construir | Farm |
| 22:49 | Construir | Farm |
| 22:49 | Construir | Farm |
| 22:54 | Encolar | Villager (Male) |
| 22:54 | Encolar | Villager (Male) |
| 22:54 | Encolar | Villager (Male) |
| 23:07 | Encolar | Unit 1911 |
| 23:07 | Encolar | Unit 1911 |
| 23:08 | Encolar | Unit 1911 |
| 23:30 | Construir | Archery Range |
| 23:36 | Encolar | Villager (Male) |
| 23:37 | Encolar | Villager (Male) |
| 23:37 | Encolar | Villager (Male) |
| 23:37 | Encolar | Villager (Male) |
Build order — vitavidal91
Primeras 150 de 523 acciones detectadas
| 0:04 | Encolar | Villager (Male) |
| 0:04 | Encolar | Villager (Male) |
| 0:06 | Construir | House |
| 0:07 | Construir | House |
| 0:43 | Encolar | Villager (Male) |
| 0:49 | Encolar | Villager (Male) |
| 1:46 | Encolar | Villager (Male) |
| 2:14 | Encolar | Villager (Male) |
| 2:35 | Encolar | Villager (Male) |
| 2:57 | Encolar | Villager (Male) |
| 3:27 | Encolar | Villager (Male) |
| 3:45 | Encolar | Villager (Male) |
| 4:10 | Encolar | Villager (Male) |
| 4:14 | Construir | House |
| 4:32 | Encolar | Villager (Male) |
| 4:53 | Encolar | Villager (Male) |
| 5:03 | Encolar | Villager (Male) |
| 5:43 | Encolar | Villager (Male) |
| 6:01 | Encolar | Villager (Male) |
| 6:28 | Construir | Mill |
| 6:39 | Construir | House |
| 6:53 | Encolar | Villager (Male) |
| 7:28 | Investigar | Feudal Age |
| 9:22 | Construir | Lumber Camp |
| 9:35 | Encolar | Villager (Male) |
| 9:38 | Edad | Edad Feudal |
| 10:02 | Encolar | Villager (Male) |
| 10:07 | Construir | Farm |
| 10:22 | Construir | Farm |
| 10:24 | Construir | Farm |
| 10:25 | Construir | Farm |
| 10:33 | Construir | Farm |
| 10:38 | Construir | Farm |
| 10:39 | Encolar | Villager (Male) |
| 10:58 | Construir | House |
| 11:01 | Encolar | Villager (Male) |
| 11:07 | Construir | Farm |
| 11:18 | Construir | Farm |
| 11:31 | Construir | Farm |
| 11:56 | Encolar | Villager (Male) |
| 12:18 | Construir | Farm |
| 12:21 | Construir | Farm |
| 12:23 | Encolar | Villager (Male) |
| 12:26 | Construir | Mining Camp |
| 12:34 | Construir | House |
| 12:36 | Construir | House |
| 12:38 | Construir | House |
| 12:42 | Encolar | Villager (Male) |
| 13:18 | Encolar | Villager (Male) |
| 13:42 | Encolar | Villager (Male) |
| 14:06 | Encolar | Villager (Male) |
| 14:29 | Investigar | Castle Age |
| 14:53 | Construir | Mining Camp |
| 15:08 | Construir | House |
| 15:09 | Construir | House |
| 15:10 | Construir | House |
| 15:11 | Construir | House |
| 15:24 | Investigar | Stone Mining |
| 15:26 | Investigar | Double-Bit Axe |
| 15:30 | Investigar | Horse Collar |
| 15:33 | Construir | Farm |
| 15:34 | Construir | Farm |
| 16:36 | Construir | Stable |
| 16:53 | Construir | Stable |
| 16:58 | Encolar | Villager (Male) |
| 17:13 | Edad | Edad de los Castillos |
| 17:38 | Encolar | Villager (Male) |
| 17:44 | Encolar | Villager (Male) |
| 18:01 | Encolar | Villager (Male) |
| 18:20 | Construir | Castle |
| 18:31 | Encolar | Villager (Male) |
| 18:39 | Construir | Town Center |
| 18:53 | Encolar | Villager (Male) |
| 18:58 | Encolar | Villager (Male) |
| 18:58 | Encolar | Villager (Male) |
| 18:59 | Encolar | Villager (Male) |
| 19:01 | Encolar | Villager (Male) |
| 19:13 | Construir | Farm |
| 19:29 | Encolar | Ballista Elephant |
| 19:37 | Investigar | Gold Mining |
| 19:51 | Encolar | Villager (Male) |
| 19:52 | Encolar | Villager (Male) |
| 20:42 | Construir | Market |
| 20:45 | Encolar | Villager (Male) |
| 20:47 | Encolar | Villager (Male) |
| 20:48 | Encolar | Villager (Male) |
| 20:49 | Encolar | Villager (Male) |
| 20:49 | Encolar | Villager (Male) |
| 20:51 | Encolar | Ballista Elephant |
| 21:22 | Encolar | Ballista Elephant |
| 21:29 | Construir | Farm |
| 21:30 | Construir | Farm |
| 21:31 | Construir | Farm |
| 21:34 | Construir | Farm |
| 21:48 | Encolar | Villager (Male) |
| 21:51 | Encolar | Villager (Male) |
| 21:57 | Construir | Farm |
| 22:01 | Construir | Farm |
| 22:09 | Encolar | Ballista Elephant |
| 22:28 | Encolar | Villager (Male) |
| 22:30 | Encolar | Villager (Male) |
| 22:49 | Encolar | Ballista Elephant |
| 22:56 | Encolar | Villager (Male) |
| 23:05 | Encolar | Villager (Male) |
| 23:08 | Construir | Farm |
| 23:16 | Construir | Farm |
| 23:18 | Construir | Farm |
| 23:19 | Construir | Farm |
| 23:20 | Construir | Farm |
| 23:22 | Construir | Farm |
| 23:39 | Investigar | Wheelbarrow |
| 23:41 | Encolar | Villager (Male) |
| 23:48 | Construir | Farm |
| 23:53 | Encolar | Ballista Elephant |
| 23:53 | Encolar | Ballista Elephant |
| 24:13 | Construir | Farm |
| 24:14 | Construir | Farm |
| 24:15 | Construir | Farm |
| 24:24 | Encolar | Villager (Male) |
| 24:29 | Construir | Farm |
| 24:30 | Encolar | Villager (Male) |
| 24:42 | Encolar | Villager (Male) |
| 24:42 | Encolar | Villager (Male) |
| 24:45 | Encolar | Ballista Elephant |
| 24:51 | Investigar | Husbandry |
| 24:58 | Construir | Blacksmith |
| 25:04 | Encolar | Ballista Elephant |
| 25:08 | Encolar | Villager (Male) |
| 25:18 | Construir | Farm |
| 25:19 | Construir | Farm |
| 25:21 | Construir | Farm |
| 25:29 | Construir | Farm |
| 25:36 | Investigar | Heavy Plow |
| 25:41 | Encolar | Villager (Male) |
| 25:44 | Encolar | Villager (Male) |
| 25:44 | Encolar | Villager (Male) |
| 25:45 | Encolar | Villager (Male) |
| 25:46 | Encolar | Ballista Elephant |
| 25:53 | Investigar | Scale Barding Armor |
| 26:03 | Construir | Farm |
| 26:07 | Encolar | Villager (Male) |
| 26:07 | Encolar | Villager (Male) |
| 26:10 | Encolar | Ballista Elephant |
| 26:29 | Encolar | Villager (Male) |
| 26:32 | Encolar | Ballista Elephant |
| 26:38 | Investigar | Bloodlines |
| 26:44 | Encolar | Ballista Elephant |
| 27:02 | Encolar | Ballista Elephant |
| 27:06 | Investigar | Chain Barding Armor |
| 27:13 | Encolar | Villager (Male) |
Build order — BrettOps
Primeras 150 de 405 acciones detectadas
| 0:06 | Construir | House |
| 0:08 | Investigar | Loom |
| 0:09 | Encolar | Villager (Male) |
| 0:09 | Encolar | Villager (Male) |
| 0:09 | Encolar | Villager (Male) |
| 0:09 | Encolar | Villager (Male) |
| 0:10 | Encolar | Villager (Male) |
| 1:06 | Construir | Mill |
| 1:29 | Construir | House |
| 2:10 | Construir | Lumber Camp |
| 2:21 | Encolar | Villager (Male) |
| 2:51 | Encolar | Villager (Male) |
| 3:27 | Encolar | Villager (Male) |
| 3:56 | Construir | House |
| 4:03 | Encolar | Villager (Male) |
| 4:12 | Encolar | Villager (Male) |
| 4:44 | Construir | Mill |
| 5:05 | Encolar | Villager (Male) |
| 5:06 | Encolar | Villager (Male) |
| 5:28 | Encolar | Villager (Male) |
| 5:52 | Encolar | Villager (Male) |
| 6:03 | Encolar | Villager (Male) |
| 6:38 | Encolar | Villager (Male) |
| 6:40 | Encolar | Villager (Male) |
| 6:40 | Encolar | Villager (Male) |
| 6:48 | Construir | House |
| 8:39 | Construir | Lumber Camp |
| 8:54 | Investigar | Feudal Age |
| 9:27 | Construir | Barracks |
| 9:45 | Construir | House |
| 10:21 | Construir | House |
| 10:28 | Encolar | Villager (Male) |
| 10:28 | Encolar | Villager (Male) |
| 10:28 | Encolar | Villager (Male) |
| 10:28 | Encolar | Villager (Male) |
| 10:52 | Construir | House |
| 11:04 | Edad | Edad Feudal |
| 11:08 | Investigar | Double-Bit Axe |
| 11:20 | Construir | Archery Range |
| 11:33 | Construir | Farm |
| 11:44 | Construir | Farm |
| 11:48 | Construir | Farm |
| 12:20 | Construir | Palisade Wall |
| 12:26 | Encolar | Spearman |
| 12:27 | Encolar | Spearman |
| 12:31 | Construir | Farm |
| 12:36 | Encolar | Villager (Male) |
| 12:36 | Encolar | Villager (Male) |
| 13:00 | Construir | Mining Camp |
| 13:20 | Construir | Farm |
| 13:34 | Construir | Market |
| 13:53 | Construir | Farm |
| 13:59 | Encolar | Villager (Male) |
| 14:04 | Encolar | Villager (Male) |
| 14:31 | Encolar | Villager (Male) |
| 14:50 | Construir | House |
| 14:52 | Construir | House |
| 14:53 | Construir | House |
| 15:02 | Construir | Palisade Wall |
| 15:19 | Construir | Farm |
| 15:21 | Encolar | Villager (Male) |
| 15:22 | Encolar | Villager (Male) |
| 15:26 | Encolar | Villager (Male) |
| 15:54 | Construir | Farm |
| 16:13 | Construir | Stone Wall |
| 16:34 | Construir | House |
| 16:34 | Construir | House |
| 16:42 | Construir | Farm |
| 16:44 | Construir | Farm |
| 17:24 | Investigar | Castle Age |
| 17:36 | Encolar | Spearman |
| 17:41 | Construir | House |
| 18:14 | Investigar | Horse Collar |
| 18:23 | Investigar | Gold Mining |
| 18:33 | Construir | House |
| 18:34 | Construir | House |
| 19:23 | Encolar | Villager (Male) |
| 19:23 | Encolar | Villager (Male) |
| 19:35 | Construir | House |
| 19:45 | Construir | Stone Wall |
| 20:00 | Encolar | Villager (Male) |
| 20:04 | Edad | Edad de los Castillos |
| 20:09 | Construir | Town Center |
| 20:16 | Investigar | Bow Saw |
| 20:28 | Construir | House |
| 20:38 | Construir | Stone Wall |
| 20:43 | Construir | Farm |
| 20:47 | Encolar | Villager (Male) |
| 21:04 | Construir | House |
| 21:09 | Encolar | Villager (Male) |
| 21:09 | Encolar | Villager (Male) |
| 21:10 | Encolar | Villager (Male) |
| 21:11 | Encolar | Villager (Male) |
| 21:14 | Construir | Farm |
| 21:20 | Encolar | Villager (Male) |
| 21:23 | Construir | Farm |
| 21:51 | Construir | House |
| 21:52 | Construir | House |
| 21:54 | Construir | House |
| 21:58 | Construir | House |
| 22:04 | Construir | Farm |
| 22:13 | Construir | Farm |
| 22:15 | Encolar | Villager (Male) |
| 22:16 | Encolar | Villager (Male) |
| 22:22 | Encolar | Villager (Male) |
| 22:22 | Encolar | Villager (Male) |
| 22:42 | Construir | Farm |
| 22:47 | Construir | House |
| 23:01 | Investigar | Pikeman (upgrade) |
| 23:19 | Construir | Mill |
| 23:22 | Encolar | Villager (Male) |
| 23:23 | Encolar | Villager (Male) |
| 23:27 | Encolar | Villager (Male) |
| 23:36 | Encolar | Spearman |
| 23:55 | Construir | Blacksmith |
| 24:00 | Construir | Farm |
| 24:03 | Construir | Farm |
| 24:06 | Encolar | Villager (Male) |
| 24:07 | Encolar | Villager (Male) |
| 24:21 | Construir | Mining Camp |
| 24:25 | Investigar | Stone Mining |
| 24:31 | Encolar | Villager (Male) |
| 24:35 | Construir | Farm |
| 24:44 | Investigar | Scale Mail Armor |
| 24:53 | Construir | Farm |
| 24:55 | Encolar | Villager (Male) |
| 25:00 | Encolar | Villager (Male) |
| 25:03 | Encolar | Villager (Male) |
| 25:08 | Construir | House |
| 25:14 | Encolar | Spearman |
| 25:14 | Encolar | Spearman |
| 25:20 | Construir | Farm |
| 25:37 | Construir | Farm |
| 25:48 | Investigar | Wheelbarrow |
| 25:55 | Encolar | Spearman |
| 26:04 | Construir | Farm |
| 26:06 | Encolar | Villager (Male) |
| 26:07 | Encolar | Villager (Male) |
| 26:10 | Encolar | Villager (Male) |
| 26:23 | Construir | House |
| 26:50 | Construir | Farm |
| 26:54 | Encolar | Villager (Male) |
| 26:59 | Encolar | Villager (Male) |
| 26:59 | Encolar | Villager (Male) |
| 27:03 | Construir | House |
| 27:19 | Construir | Farm |
| 27:25 | Investigar | Thumb Ring |
| 27:41 | Construir | Monastery |
| 27:46 | Construir | House |
| 27:52 | Investigar | Squires |
Build order — felipegarcia92
Primeras 150 de 497 acciones detectadas
| 0:01 | Encolar | Villager (Male) |
| 0:02 | Encolar | Villager (Male) |
| 0:02 | Encolar | Villager (Male) |
| 0:02 | Encolar | Villager (Male) |
| 0:05 | Construir | House |
| 0:08 | Construir | House |
| 1:37 | Encolar | Villager (Male) |
| 2:09 | Encolar | Villager (Male) |
| 2:36 | Encolar | Villager (Male) |
| 2:36 | Encolar | Villager (Male) |
| 2:57 | Encolar | Villager (Male) |
| 3:10 | Encolar | Villager (Male) |
| 3:32 | Construir | House |
| 3:36 | Construir | Mill |
| 3:51 | Encolar | Villager (Male) |
| 4:13 | Encolar | Villager (Male) |
| 4:40 | Investigar | Loom |
| 5:04 | Encolar | Villager (Male) |
| 5:04 | Encolar | Villager (Male) |
| 5:05 | Encolar | Villager (Male) |
| 5:05 | Encolar | Villager (Male) |
| 6:03 | Encolar | Villager (Male) |
| 6:14 | Construir | Lumber Camp |
| 6:24 | Encolar | Villager (Male) |
| 6:25 | Encolar | Villager (Male) |
| 6:25 | Encolar | Villager (Male) |
| 6:25 | Encolar | Villager (Male) |
| 6:26 | Encolar | Villager (Male) |
| 6:48 | Encolar | Villager (Male) |
| 7:03 | Construir | Mining Camp |
| 7:33 | Construir | Mill |
| 8:04 | Encolar | Villager (Male) |
| 8:04 | Encolar | Villager (Male) |
| 8:26 | Construir | Mining Camp |
| 8:39 | Construir | Mining Camp |
| 9:25 | Investigar | Feudal Age |
| 9:43 | Construir | Barracks |
| 10:54 | Encolar | Villager (Male) |
| 10:54 | Encolar | Villager (Male) |
| 10:55 | Encolar | Villager (Male) |
| 11:35 | Edad | Edad Feudal |
| 11:41 | Construir | Stable |
| 11:45 | Construir | House |
| 12:04 | Construir | Blacksmith |
| 12:09 | Encolar | Villager (Male) |
| 12:23 | Encolar | Villager (Male) |
| 12:50 | Construir | House |
| 13:03 | Construir | Farm |
| 13:03 | Construir | Farm |
| 13:04 | Construir | Farm |
| 13:16 | Construir | Farm |
| 13:19 | Encolar | Villager (Male) |
| 13:20 | Encolar | Villager (Male) |
| 13:45 | Construir | Farm |
| 13:51 | Construir | Farm |
| 13:57 | Encolar | Villager (Male) |
| 14:17 | Construir | Farm |
| 14:22 | Construir | Farm |
| 14:25 | Encolar | Villager (Male) |
| 14:40 | Encolar | Villager (Male) |
| 15:03 | Construir | Farm |
| 15:15 | Encolar | Villager (Male) |
| 15:29 | Construir | Farm |
| 15:41 | Construir | House |
| 15:53 | Construir | Farm |
| 16:02 | Investigar | Castle Age |
| 16:15 | Construir | Stable |
| 16:27 | Investigar | Horse Collar |
| 16:48 | Investigar | Double-Bit Axe |
| 16:56 | Construir | Farm |
| 17:02 | Construir | Farm |
| 17:32 | Construir | House |
| 17:36 | Encolar | Villager (Male) |
| 17:36 | Encolar | Villager (Male) |
| 17:37 | Encolar | Villager (Male) |
| 17:47 | Construir | Lumber Camp |
| 18:00 | Encolar | Villager (Male) |
| 18:12 | Investigar | Man-at-Arms (upgrade) |
| 18:14 | Investigar | Bloodlines |
| 18:16 | Encolar | Scout Cavalry |
| 18:17 | Encolar | Scout Cavalry |
| 18:29 | Construir | Barracks |
| 18:39 | Construir | Farm |
| 18:39 | Construir | Farm |
| 18:39 | Construir | Farm |
| 18:42 | Edad | Edad de los Castillos |
| 18:42 | Construir | Farm |
| 19:10 | Investigar | Squires |
| 19:13 | Investigar | Husbandry |
| 19:22 | Encolar | Villager (Male) |
| 19:31 | Investigar | Heavy Plow |
| 19:57 | Investigar | Bow Saw |
| 20:30 | Construir | Town Center |
| 20:39 | Encolar | Villager (Male) |
| 20:40 | Encolar | Villager (Male) |
| 20:40 | Encolar | Villager (Male) |
| 20:51 | Investigar | Gold Mining |
| 21:03 | Encolar | Knight |
| 21:03 | Encolar | Knight |
| 21:11 | Construir | House |
| 21:15 | Encolar | Villager (Male) |
| 21:57 | Construir | Castle |
| 22:04 | Encolar | Villager (Male) |
| 22:04 | Encolar | Villager (Male) |
| 22:20 | Encolar | Villager (Male) |
| 22:21 | Encolar | Villager (Male) |
| 22:21 | Encolar | Villager (Male) |
| 22:59 | Construir | Farm |
| 23:04 | Encolar | Villager (Male) |
| 23:24 | Construir | Town Center |
| 23:30 | Encolar | Villager (Male) |
| 23:31 | Encolar | Villager (Male) |
| 23:33 | Construir | Farm |
| 23:36 | Encolar | Scout Cavalry |
| 23:38 | Encolar | Knight |
| 23:38 | Encolar | Knight |
| 23:38 | Encolar | Knight |
| 23:39 | Encolar | Knight |
| 23:39 | Encolar | Knight |
| 23:41 | Investigar | Light Cavalry (upgrade) |
| 23:45 | Encolar | Militia |
| 23:45 | Encolar | Militia |
| 23:54 | Encolar | Villager (Male) |
| 23:54 | Encolar | Villager (Male) |
| 24:18 | Encolar | Villager (Male) |
| 24:21 | Encolar | Villager (Male) |
| 24:22 | Encolar | Villager (Male) |
| 24:52 | Encolar | Villager (Male) |
| 24:52 | Encolar | Villager (Male) |
| 25:25 | Construir | Stable |
| 25:31 | Construir | Barracks |
| 25:33 | Encolar | Villager (Male) |
| 25:34 | Encolar | Villager (Male) |
| 25:37 | Encolar | Villager (Male) |
| 25:37 | Encolar | Villager (Male) |
| 25:46 | Encolar | Villager (Male) |
| 25:46 | Encolar | Villager (Male) |
| 25:51 | Encolar | Knight |
| 25:51 | Encolar | Knight |
| 25:52 | Encolar | Knight |
| 25:52 | Encolar | Knight |
| 25:52 | Encolar | Knight |
| 26:03 | Encolar | Knight |
| 26:03 | Encolar | Knight |
| 26:04 | Encolar | Knight |
| 26:30 | Construir | Farm |
| 26:30 | Construir | Farm |
| 26:34 | Construir | Farm |
| 26:38 | Construir | Farm |
| 26:55 | Construir | Mining Camp |
Build order — LenientFiddle
Primeras 150 de 477 acciones detectadas
| 0:02 | Encolar | Villager (Male) |
| 0:02 | Encolar | Villager (Male) |
| 0:02 | Encolar | Villager (Male) |
| 0:03 | Encolar | Villager (Male) |
| 0:07 | Construir | House |
| 0:09 | Construir | House |
| 1:51 | Encolar | Villager (Male) |
| 2:15 | Construir | Lumber Camp |
| 2:21 | Encolar | Villager (Male) |
| 2:47 | Encolar | Villager (Male) |
| 3:11 | Encolar | Villager (Male) |
| 3:18 | Construir | House |
| 3:31 | Encolar | Villager (Male) |
| 3:57 | Encolar | Villager (Male) |
| 4:45 | Construir | Mill |
| 4:47 | Encolar | Villager (Male) |
| 4:48 | Encolar | Villager (Male) |
| 4:59 | Encolar | Villager (Male) |
| 5:18 | Encolar | Villager (Male) |
| 5:58 | Encolar | Villager (Male) |
| 5:59 | Encolar | Villager (Male) |
| 5:59 | Encolar | Villager (Male) |
| 5:59 | Encolar | Villager (Male) |
| 6:09 | Construir | House |
| 6:15 | Encolar | Villager (Male) |
| 7:13 | Encolar | Villager (Male) |
| 7:15 | Encolar | Villager (Male) |
| 7:33 | Encolar | Villager (Male) |
| 7:35 | Encolar | Villager (Male) |
| 8:16 | Construir | House |
| 8:19 | Construir | Mill |
| 8:24 | Encolar | Villager (Male) |
| 9:03 | Encolar | Villager (Male) |
| 9:03 | Encolar | Villager (Male) |
| 9:07 | Investigar | Loom |
| 9:26 | Construir | Mining Camp |
| 10:22 | Investigar | Feudal Age |
| 10:42 | Construir | Farm |
| 10:42 | Construir | Farm |
| 10:43 | Construir | Farm |
| 10:43 | Construir | Farm |
| 10:44 | Construir | Farm |
| 10:44 | Construir | Farm |
| 10:45 | Construir | Farm |
| 10:54 | Encolar | Villager (Male) |
| 10:55 | Encolar | Villager (Male) |
| 12:47 | Edad | Edad Feudal |
| 12:52 | Construir | Market |
| 12:55 | Construir | Blacksmith |
| 14:01 | Investigar | Castle Age |
| 14:12 | Construir | Lumber Camp |
| 15:09 | Construir | House |
| 15:10 | Construir | House |
| 15:12 | Construir | House |
| 15:14 | Construir | House |
| 15:18 | Construir | House |
| 15:21 | Construir | House |
| 15:27 | Investigar | Double-Bit Axe |
| 15:29 | Investigar | Horse Collar |
| 15:38 | Encolar | Villager (Male) |
| 15:39 | Encolar | Villager (Male) |
| 15:39 | Encolar | Villager (Male) |
| 15:39 | Encolar | Villager (Male) |
| 16:15 | Encolar | Villager (Male) |
| 16:41 | Edad | Edad de los Castillos |
| 16:53 | Construir | Mining Camp |
| 17:14 | Construir | Town Center |
| 17:25 | Investigar | Bow Saw |
| 17:35 | Construir | Monastery |
| 17:49 | Investigar | Heavy Plow |
| 18:02 | Encolar | Monk |
| 18:20 | Encolar | Monk |
| 18:32 | Encolar | Villager (Male) |
| 18:35 | Encolar | Villager (Male) |
| 18:36 | Encolar | Villager (Male) |
| 18:37 | Encolar | Villager (Male) |
| 18:40 | Encolar | Villager (Male) |
| 19:23 | Encolar | Villager (Male) |
| 19:23 | Encolar | Villager (Male) |
| 19:38 | Construir | Town Center |
| 20:01 | Construir | Farm |
| 20:03 | Encolar | Villager (Male) |
| 20:19 | Construir | Farm |
| 20:28 | Encolar | Villager (Male) |
| 20:29 | Encolar | Villager (Male) |
| 20:43 | Construir | Farm |
| 21:08 | Encolar | Villager (Male) |
| 21:09 | Encolar | Villager (Male) |
| 21:10 | Encolar | Villager (Male) |
| 21:13 | Construir | Farm |
| 21:47 | Construir | Farm |
| 21:50 | Construir | Farm |
| 21:51 | Encolar | Villager (Male) |
| 21:55 | Encolar | Villager (Male) |
| 21:55 | Encolar | Villager (Male) |
| 21:57 | Encolar | Villager (Male) |
| 21:58 | Encolar | Villager (Male) |
| 22:01 | Construir | Farm |
| 22:04 | Construir | Farm |
| 22:18 | Encolar | Villager (Male) |
| 22:25 | Construir | Farm |
| 22:41 | Construir | Farm |
| 22:44 | Construir | Farm |
| 22:46 | Encolar | Villager (Male) |
| 22:46 | Encolar | Villager (Male) |
| 22:47 | Encolar | Villager (Male) |
| 22:48 | Encolar | Villager (Male) |
| 22:51 | Construir | Farm |
| 22:57 | Construir | Farm |
| 23:00 | Construir | Farm |
| 23:02 | Encolar | Villager (Male) |
| 23:04 | Encolar | Villager (Male) |
| 23:08 | Construir | House |
| 23:09 | Construir | House |
| 23:11 | Construir | House |
| 23:12 | Construir | House |
| 23:13 | Construir | House |
| 23:17 | Construir | House |
| 23:18 | Construir | House |
| 23:20 | Construir | House |
| 23:21 | Construir | House |
| 23:26 | Construir | Farm |
| 23:29 | Encolar | Villager (Male) |
| 23:32 | Encolar | Villager (Male) |
| 23:34 | Encolar | Villager (Male) |
| 23:36 | Encolar | Villager (Male) |
| 23:37 | Encolar | Villager (Male) |
| 23:40 | Construir | Farm |
| 23:42 | Construir | Farm |
| 24:00 | Encolar | Villager (Male) |
| 24:00 | Encolar | Villager (Male) |
| 24:01 | Encolar | Villager (Male) |
| 24:04 | Encolar | Villager (Male) |
| 24:24 | Construir | Castle |
| 24:49 | Construir | Castle |
| 25:00 | Encolar | Villager (Male) |
| 25:01 | Encolar | Villager (Male) |
| 25:01 | Encolar | Villager (Male) |
| 25:01 | Encolar | Villager (Male) |
| 25:02 | Encolar | Villager (Male) |
| 25:03 | Encolar | Villager (Male) |
| 25:16 | Construir | University |
| 25:49 | Encolar | Villager (Male) |
| 25:49 | Encolar | Villager (Male) |
| 25:50 | Encolar | Villager (Male) |
| 26:08 | Investigar | Ballistics |
| 26:11 | Encolar | Villager (Male) |
| 26:11 | Encolar | Villager (Male) |
| 26:12 | Encolar | Villager (Male) |
| 26:34 | Investigar | Tech 455 |
Build order — Ratchet08
Primeras 150 de 621 acciones detectadas
| 0:02 | Encolar | Villager (Male) |
| 0:02 | Encolar | Villager (Male) |
| 0:02 | Encolar | Villager (Male) |
| 0:02 | Encolar | Villager (Male) |
| 0:05 | Construir | House |
| 0:07 | Construir | House |
| 1:23 | Encolar | Villager (Male) |
| 2:11 | Encolar | Villager (Male) |
| 2:11 | Encolar | Villager (Male) |
| 2:45 | Encolar | Villager (Male) |
| 2:45 | Encolar | Villager (Male) |
| 3:08 | Encolar | Villager (Male) |
| 3:20 | Construir | House |
| 3:37 | Encolar | Villager (Male) |
| 3:38 | Encolar | Villager (Male) |
| 3:53 | Construir | Lumber Camp |
| 4:03 | Construir | Mill |
| 4:11 | Encolar | Villager (Male) |
| 4:50 | Encolar | Villager (Male) |
| 5:06 | Encolar | Villager (Male) |
| 5:07 | Encolar | Villager (Male) |
| 5:29 | Encolar | Villager (Male) |
| 5:44 | Construir | House |
| 6:06 | Encolar | Villager (Male) |
| 6:06 | Encolar | Villager (Male) |
| 6:06 | Encolar | Villager (Male) |
| 7:20 | Encolar | Villager (Male) |
| 7:39 | Encolar | Villager (Male) |
| 8:11 | Investigar | Feudal Age |
| 9:29 | Encolar | Villager (Male) |
| 9:42 | Construir | House |
| 10:11 | Construir | House |
| 10:21 | Edad | Edad Feudal |
| 10:43 | Construir | Blacksmith |
| 10:51 | Encolar | Villager (Male) |
| 10:52 | Encolar | Villager (Male) |
| 11:02 | Construir | Market |
| 11:19 | Construir | Farm |
| 11:21 | Encolar | Villager (Male) |
| 11:39 | Construir | Farm |
| 11:46 | Construir | Farm |
| 11:51 | Encolar | Villager (Male) |
| 12:30 | Encolar | Villager (Male) |
| 12:44 | Construir | Farm |
| 12:57 | Investigar | Wheelbarrow |
| 13:01 | Encolar | Villager (Male) |
| 13:04 | Investigar | Wheelbarrow |
| 13:10 | Construir | Farm |
| 13:39 | Construir | Farm |
| 13:58 | Construir | Farm |
| 14:08 | Construir | Farm |
| 14:17 | Construir | Farm |
| 14:18 | Construir | Farm |
| 14:21 | Investigar | Double-Bit Axe |
| 14:50 | Investigar | Castle Age |
| 14:59 | Investigar | Horse Collar |
| 15:05 | Construir | Mining Camp |
| 15:22 | Construir | Gate |
| 15:24 | Construir | Stone Wall |
| 15:35 | Encolar | Villager (Male) |
| 16:52 | Construir | Barracks |
| 17:16 | Encolar | Villager (Male) |
| 17:24 | Construir | Mining Camp |
| 17:30 | Edad | Edad de los Castillos |
| 17:42 | Construir | Town Center |
| 18:00 | Encolar | Villager (Male) |
| 18:05 | Construir | House |
| 18:08 | Construir | House |
| 18:09 | Construir | House |
| 18:15 | Encolar | Villager (Male) |
| 18:31 | Encolar | Villager (Male) |
| 18:31 | Encolar | Villager (Male) |
| 18:35 | Encolar | Villager (Male) |
| 18:49 | Encolar | Villager (Male) |
| 19:11 | Construir | House |
| 19:13 | Encolar | Villager (Male) |
| 19:20 | Encolar | Villager (Male) |
| 19:33 | Encolar | Villager (Male) |
| 19:50 | Encolar | Villager (Male) |
| 20:05 | Encolar | Villager (Male) |
| 20:16 | Encolar | Villager (Male) |
| 20:19 | Construir | House |
| 20:22 | Encolar | Villager (Male) |
| 20:37 | Construir | Castle |
| 20:40 | Encolar | Villager (Male) |
| 20:42 | Construir | Farm |
| 20:44 | Encolar | Villager (Male) |
| 20:51 | Encolar | Villager (Male) |
| 20:53 | Construir | House |
| 20:54 | Construir | House |
| 20:55 | Encolar | Villager (Male) |
| 21:16 | Construir | Farm |
| 21:27 | Construir | Farm |
| 21:31 | Encolar | Villager (Male) |
| 21:32 | Encolar | Villager (Male) |
| 21:33 | Encolar | Villager (Male) |
| 21:46 | Encolar | Villager (Male) |
| 22:10 | Construir | Town Center |
| 22:14 | Construir | Farm |
| 22:17 | Construir | Farm |
| 22:19 | Construir | House |
| 22:21 | Encolar | Villager (Male) |
| 22:22 | Encolar | Villager (Male) |
| 22:28 | Encolar | Mameluke |
| 22:28 | Encolar | Mameluke |
| 22:29 | Encolar | Mameluke |
| 22:30 | Encolar | Mameluke |
| 22:30 | Encolar | Mameluke |
| 22:33 | Encolar | Villager (Male) |
| 22:43 | Construir | Farm |
| 22:44 | Construir | Farm |
| 22:48 | Construir | Farm |
| 22:58 | Encolar | Villager (Male) |
| 22:58 | Encolar | Villager (Male) |
| 23:00 | Construir | House |
| 23:06 | Encolar | Villager (Male) |
| 23:09 | Investigar | Fletching |
| 23:11 | Encolar | Villager (Male) |
| 23:14 | Encolar | Villager (Male) |
| 23:19 | Construir | Farm |
| 23:20 | Construir | Farm |
| 23:21 | Construir | Farm |
| 23:24 | Construir | Farm |
| 23:32 | Encolar | Villager (Male) |
| 23:33 | Construir | House |
| 23:35 | Encolar | Villager (Male) |
| 23:45 | Encolar | Villager (Male) |
| 23:45 | Encolar | Villager (Male) |
| 24:18 | Construir | Siege Workshop |
| 24:23 | Encolar | Villager (Male) |
| 24:24 | Encolar | Villager (Male) |
| 24:27 | Construir | House |
| 24:29 | Construir | House |
| 24:30 | Construir | House |
| 24:32 | Encolar | Villager (Male) |
| 24:41 | Investigar | Padded Archer Armor |
| 24:42 | Investigar | Bodkin Arrow |
| 24:50 | Construir | Farm |
| 24:51 | Construir | Farm |
| 24:53 | Encolar | Villager (Male) |
| 25:25 | Encolar | Mangonel |
| 25:27 | Encolar | Villager (Male) |
| 25:27 | Encolar | Villager (Male) |
| 25:32 | Construir | Mining Camp |
| 25:34 | Encolar | Villager (Male) |
| 25:40 | Encolar | Mameluke |
| 25:52 | Investigar | Leather Archer Armor |
| 26:22 | Encolar | Mameluke |
| 26:23 | Encolar | Mameluke |
| 26:23 | Encolar | Mameluke |
Build order — superflas007z
Primeras 150 de 482 acciones detectadas
| 0:03 | Construir | House |
| 0:05 | Construir | House |
| 0:06 | Encolar | Villager (Male) |
| 0:07 | Encolar | Villager (Male) |
| 0:07 | Encolar | Villager (Male) |
| 0:07 | Encolar | Villager (Male) |
| 0:08 | Encolar | Villager (Male) |
| 1:38 | Encolar | Villager (Male) |
| 1:38 | Encolar | Villager (Male) |
| 2:01 | Encolar | Villager (Male) |
| 2:01 | Encolar | Villager (Male) |
| 2:44 | Construir | Lumber Camp |
| 2:47 | Encolar | Villager (Male) |
| 2:48 | Encolar | Villager (Male) |
| 3:01 | Encolar | Villager (Male) |
| 3:02 | Encolar | Villager (Male) |
| 3:15 | Encolar | Villager (Male) |
| 3:16 | Encolar | Villager (Male) |
| 3:53 | Construir | House |
| 4:00 | Encolar | Villager (Male) |
| 4:00 | Encolar | Villager (Male) |
| 4:58 | Encolar | Villager (Male) |
| 4:58 | Encolar | Villager (Male) |
| 5:04 | Construir | House |
| 5:13 | Construir | Mining Camp |
| 5:18 | Encolar | Villager (Male) |
| 5:18 | Encolar | Villager (Male) |
| 6:05 | Construir | Mill |
| 6:07 | Encolar | Villager (Male) |
| 6:10 | Encolar | Villager (Male) |
| 6:13 | Encolar | Villager (Male) |
| 6:36 | Encolar | Villager (Male) |
| 7:05 | Encolar | Villager (Male) |
| 7:57 | Encolar | Villager (Male) |
| 8:05 | Encolar | Villager (Male) |
| 8:30 | Investigar | Loom |
| 8:45 | Investigar | Feudal Age |
| 9:39 | Construir | Mining Camp |
| 9:57 | Encolar | Villager (Male) |
| 9:58 | Encolar | Villager (Male) |
| 10:16 | Construir | Farm |
| 10:19 | Construir | Farm |
| 10:22 | Construir | Farm |
| 10:29 | Construir | House |
| 10:52 | Encolar | Villager (Male) |
| 11:38 | Edad | Edad Feudal |
| 11:44 | Construir | Blacksmith |
| 11:53 | Construir | Market |
| 12:04 | Construir | Farm |
| 12:07 | Construir | Farm |
| 12:34 | Construir | Farm |
| 13:00 | Construir | Farm |
| 13:14 | Construir | Farm |
| 13:30 | Construir | House |
| 14:02 | Investigar | Castle Age |
| 14:14 | Construir | Lumber Camp |
| 14:56 | Encolar | Villager (Male) |
| 14:56 | Encolar | Villager (Male) |
| 16:36 | Encolar | Villager (Male) |
| 16:40 | Encolar | Villager (Male) |
| 16:42 | Edad | Edad de los Castillos |
| 17:01 | Construir | Castle |
| 17:16 | Construir | Farm |
| 17:17 | Encolar | Villager (Male) |
| 17:26 | Construir | Town Center |
| 17:29 | Encolar | Villager (Male) |
| 17:29 | Encolar | Villager (Male) |
| 18:19 | Encolar | Villager (Male) |
| 18:29 | Encolar | Villager (Male) |
| 18:29 | Encolar | Villager (Male) |
| 18:54 | Encolar | Villager (Male) |
| 19:02 | Construir | Mining Camp |
| 19:07 | Encolar | Villager (Male) |
| 19:08 | Encolar | Villager (Male) |
| 19:15 | Investigar | Double-Bit Axe |
| 19:28 | Construir | Farm |
| 19:29 | Encolar | Villager (Male) |
| 20:03 | Construir | Farm |
| 20:05 | Encolar | Villager (Male) |
| 20:06 | Encolar | Villager (Male) |
| 20:25 | Construir | Town Center |
| 20:36 | Construir | House |
| 20:40 | Construir | House |
| 20:46 | Construir | Farm |
| 20:47 | Encolar | Villager (Male) |
| 20:49 | Encolar | Villager (Male) |
| 21:02 | Encolar | Villager (Male) |
| 21:03 | Encolar | Villager (Male) |
| 21:31 | Encolar | Villager (Male) |
| 21:32 | Encolar | Villager (Male) |
| 21:43 | Construir | Farm |
| 21:52 | Encolar | Hussite Wagon |
| 22:11 | Construir | House |
| 22:13 | Construir | House |
| 22:14 | Construir | House |
| 22:30 | Encolar | Villager (Male) |
| 22:32 | Encolar | Villager (Male) |
| 22:32 | Encolar | Villager (Male) |
| 22:32 | Encolar | Villager (Male) |
| 22:42 | Encolar | Villager (Male) |
| 22:42 | Encolar | Villager (Male) |
| 22:46 | Encolar | Villager (Male) |
| 22:49 | Encolar | Villager (Male) |
| 22:49 | Encolar | Villager (Male) |
| 23:01 | Construir | Farm |
| 23:02 | Encolar | Villager (Male) |
| 23:15 | Encolar | Hussite Wagon |
| 23:17 | Encolar | Hussite Wagon |
| 23:22 | Encolar | Villager (Male) |
| 23:24 | Encolar | Villager (Male) |
| 23:50 | Construir | Barracks |
| 24:06 | Encolar | Villager (Male) |
| 24:09 | Construir | Farm |
| 24:12 | Construir | Farm |
| 24:14 | Construir | Farm |
| 24:19 | Construir | Farm |
| 24:24 | Construir | Farm |
| 24:26 | Encolar | Villager (Male) |
| 24:29 | Encolar | Villager (Male) |
| 24:30 | Encolar | Villager (Male) |
| 24:31 | Encolar | Villager (Male) |
| 24:35 | Construir | Farm |
| 24:37 | Construir | Farm |
| 24:39 | Encolar | Villager (Male) |
| 24:51 | Construir | House |
| 25:11 | Construir | Farm |
| 25:14 | Construir | Farm |
| 25:18 | Construir | Farm |
| 25:35 | Construir | Farm |
| 25:43 | Construir | University |
| 25:46 | Construir | Farm |
| 25:53 | Construir | Farm |
| 25:55 | Encolar | Villager (Male) |
| 26:00 | Investigar | Wheelbarrow |
| 26:03 | Encolar | Villager (Male) |
| 26:08 | Encolar | Hussite Wagon |
| 26:10 | Encolar | Hussite Wagon |
| 26:10 | Encolar | Hussite Wagon |
| 26:11 | Encolar | Hussite Wagon |
| 26:22 | Construir | Castle |
| 26:32 | Construir | Farm |
| 26:41 | Construir | Farm |
| 27:12 | Construir | Siege Workshop |
| 27:18 | Investigar | Chemistry |
| 27:30 | Construir | Siege Workshop |
| 27:42 | Encolar | Villager (Male) |
| 27:45 | Encolar | Villager (Male) |
| 27:46 | Encolar | Villager (Male) |
| 28:44 | Construir | House |
| 28:52 | Construir | Farm |
Build order — Josep Zicri
Primeras 150 de 734 acciones detectadas
| 0:06 | Encolar | Villager (Male) |
| 0:07 | Investigar | Loom |
| 0:07 | Encolar | Villager (Male) |
| 0:07 | Encolar | Villager (Male) |
| 0:08 | Encolar | Villager (Male) |
| 0:08 | Encolar | Villager (Male) |
| 0:17 | Construir | House |
| 0:29 | Construir | House |
| 0:30 | Construir | House |
| 0:32 | Construir | House |
| 1:28 | Encolar | Villager (Male) |
| 2:19 | Encolar | Villager (Male) |
| 2:45 | Encolar | Villager (Male) |
| 3:07 | Encolar | Villager (Male) |
| 3:08 | Encolar | Villager (Male) |
| 4:27 | Encolar | Villager (Male) |
| 4:27 | Encolar | Villager (Male) |
| 4:28 | Encolar | Villager (Male) |
| 4:53 | Construir | Mill |
| 5:14 | Encolar | Villager (Male) |
| 5:14 | Encolar | Villager (Male) |
| 5:15 | Encolar | Villager (Male) |
| 6:42 | Encolar | Villager (Male) |
| 6:43 | Encolar | Villager (Male) |
| 6:44 | Encolar | Villager (Male) |
| 6:51 | Construir | Lumber Camp |
| 7:04 | Construir | Lumber Camp |
| 8:19 | Investigar | Feudal Age |
| 8:29 | Construir | Mill |
| 8:55 | Construir | House |
| 8:56 | Construir | House |
| 8:58 | Construir | House |
| 10:29 | Edad | Edad Feudal |
| 10:33 | Encolar | Villager (Male) |
| 10:33 | Encolar | Villager (Male) |
| 10:34 | Encolar | Villager (Male) |
| 10:34 | Encolar | Villager (Male) |
| 10:35 | Encolar | Villager (Male) |
| 11:03 | Construir | Mining Camp |
| 11:13 | Construir | Blacksmith |
| 12:08 | Construir | House |
| 12:09 | Construir | House |
| 12:09 | Construir | House |
| 12:09 | Construir | House |
| 12:09 | Construir | House |
| 12:10 | Construir | House |
| 12:10 | Construir | House |
| 12:11 | Construir | House |
| 12:11 | Construir | House |
| 12:33 | Encolar | Villager (Male) |
| 12:33 | Encolar | Villager (Male) |
| 12:33 | Encolar | Villager (Male) |
| 12:50 | Construir | Market |
| 13:11 | Construir | Mining Camp |
| 14:21 | Construir | Barracks |
| 15:04 | Construir | Mining Camp |
| 15:06 | Investigar | Castle Age |
| 15:27 | Construir | Farm |
| 15:28 | Construir | Farm |
| 15:44 | Construir | Farm |
| 15:45 | Construir | Farm |
| 16:03 | Construir | Farm |
| 16:24 | Construir | Farm |
| 16:25 | Construir | Farm |
| 16:25 | Construir | Farm |
| 16:29 | Construir | Farm |
| 16:57 | Investigar | Horse Collar |
| 17:27 | Construir | Farm |
| 17:46 | Edad | Edad de los Castillos |
| 17:55 | Encolar | Villager (Male) |
| 17:55 | Encolar | Villager (Male) |
| 17:55 | Encolar | Villager (Male) |
| 18:03 | Construir | Farm |
| 18:04 | Construir | Farm |
| 18:07 | Construir | Farm |
| 18:31 | Investigar | Stone Mining |
| 19:03 | Encolar | Villager (Male) |
| 19:10 | Construir | Farm |
| 19:33 | Investigar | Double-Bit Axe |
| 19:45 | Encolar | Villager (Male) |
| 19:45 | Encolar | Villager (Male) |
| 20:11 | Investigar | Gold Mining |
| 20:58 | Encolar | Villager (Male) |
| 20:59 | Encolar | Villager (Male) |
| 20:59 | Encolar | Villager (Male) |
| 21:22 | Construir | Stable |
| 21:37 | Encolar | Villager (Male) |
| 21:38 | Encolar | Villager (Male) |
| 21:55 | Construir | Town Center |
| 22:18 | Construir | Castle |
| 22:22 | Encolar | Scout Cavalry |
| 22:26 | Encolar | Scout Cavalry |
| 22:32 | Encolar | Villager (Male) |
| 22:32 | Encolar | Villager (Male) |
| 22:42 | Encolar | Villager (Male) |
| 22:43 | Encolar | Villager (Male) |
| 22:43 | Encolar | Villager (Male) |
| 22:43 | Encolar | Villager (Male) |
| 23:19 | Construir | Siege Workshop |
| 23:32 | Encolar | Janissary |
| 23:32 | Encolar | Janissary |
| 23:33 | Encolar | Janissary |
| 24:06 | Construir | Mining Camp |
| 24:13 | Encolar | Scout Cavalry |
| 24:14 | Encolar | Scout Cavalry |
| 24:21 | Encolar | Janissary |
| 24:47 | Encolar | Janissary |
| 24:48 | Encolar | Janissary |
| 25:19 | Encolar | Scout Cavalry |
| 25:19 | Encolar | Scout Cavalry |
| 25:57 | Encolar | Janissary |
| 25:57 | Encolar | Janissary |
| 26:29 | Encolar | Mangonel |
| 26:36 | Encolar | Villager (Male) |
| 26:36 | Encolar | Villager (Male) |
| 26:36 | Encolar | Villager (Male) |
| 26:36 | Encolar | Villager (Male) |
| 26:42 | Construir | Farm |
| 26:42 | Construir | Farm |
| 26:42 | Construir | Farm |
| 26:43 | Construir | Farm |
| 26:43 | Construir | Farm |
| 26:43 | Construir | Farm |
| 26:44 | Construir | Farm |
| 26:51 | Encolar | Villager (Male) |
| 26:51 | Encolar | Villager (Male) |
| 26:52 | Encolar | Villager (Male) |
| 27:28 | Construir | Stone Wall |
| 27:32 | Construir | Stone Wall |
| 27:36 | Construir | Stone Wall |
| 27:54 | Construir | Stone Wall |
| 28:05 | Encolar | Janissary |
| 28:05 | Encolar | Janissary |
| 28:05 | Encolar | Janissary |
| 28:12 | Encolar | Villager (Male) |
| 28:12 | Encolar | Villager (Male) |
| 28:12 | Encolar | Villager (Male) |
| 28:12 | Encolar | Villager (Male) |
| 28:13 | Encolar | Villager (Male) |
| 28:17 | Construir | Farm |
| 28:18 | Construir | Farm |
| 28:18 | Construir | Farm |
| 28:18 | Construir | Farm |
| 28:37 | Encolar | Villager (Male) |
| 28:37 | Encolar | Villager (Male) |
| 28:38 | Encolar | Villager (Male) |
| 28:48 | Construir | University |
| 29:02 | Encolar | Janissary |
| 29:02 | Encolar | Janissary |
| 29:12 | Encolar | Janissary |
Cronología de la partida
| 9:27 | BrettOps · first_building Barracks |
| 9:38 | vitavidal91 · age_up feudal |
| 9:43 | felipegarcia92 · first_building Barracks |
| 9:56 | GuilleLeopold17 · first_building Barracks |
| 10:21 | Ratchet08 · age_up feudal |
| 10:29 | Josep Zicri · age_up feudal |
| 10:44 | GuilleLeopold17 · age_up feudal |
| 11:04 | BrettOps · age_up feudal |
| 11:20 | BrettOps · first_building Archery Range |
| 11:35 | felipegarcia92 · age_up feudal |
| 11:38 | superflas007z · age_up feudal |
| 11:41 | felipegarcia92 · first_building Stable |
| 12:20 | BrettOps · wall_segment Palisade Wall x14 |
| 12:47 | LenientFiddle · age_up feudal |
| 12:52 | GuilleLeopold17 · first_building Archery Range |
| 13:45 | Ratchet08 · first_market_sell 100 wood |
| 13:45 | Ratchet08 · first_market_buy 100 food |
| 13:52 | superflas007z · first_market_buy 100 food |
| 14:21 | Josep Zicri · first_building Barracks |
| 14:48 | Josep Zicri · first_market_buy 100 food |
| 15:02 | BrettOps · wall_segment Palisade Wall x8 |
| 15:24 | Ratchet08 · wall_segment Stone Wall x1 |
| 16:13 | BrettOps · wall_segment Stone Wall x15 |
| 16:36 | vitavidal91 · first_building Stable |
| 16:41 | LenientFiddle · age_up castle |
| 16:42 | superflas007z · age_up castle |
| 16:52 | Ratchet08 · first_building Barracks |
| 16:52 | BrettOps · first_market_sell 100 wood |
| 16:56 | BrettOps · first_market_buy 100 food |
| 17:01 | superflas007z · first_building Castle |
| 17:02 | GuilleLeopold17 · age_up castle |
| 17:13 | vitavidal91 · age_up castle |
| 17:30 | Ratchet08 · age_up castle |
| 17:35 | LenientFiddle · first_building Monastery |
| 17:36 | GuilleLeopold17 · first_building Siege Workshop |
| 17:46 | Josep Zicri · age_up castle |
| 18:20 | vitavidal91 · first_building Castle |
| 18:42 | felipegarcia92 · age_up castle |
| 19:45 | BrettOps · wall_segment Stone Wall x3 |
| 20:04 | BrettOps · age_up castle |
| 20:37 | Ratchet08 · first_building Castle |
| 20:38 | BrettOps · wall_segment Stone Wall x2 |
| 21:15 | GuilleLeopold17 · first_building Monastery |
| 21:22 | Josep Zicri · first_building Stable |
| 21:57 | felipegarcia92 · first_building Castle |
| 22:18 | Josep Zicri · first_building Castle |
| 23:19 | Josep Zicri · first_building Siege Workshop |
| 23:50 | superflas007z · first_building Barracks |
| 24:18 | Ratchet08 · first_building Siege Workshop |
| 24:24 | LenientFiddle · first_building Castle |
| 27:12 | superflas007z · first_building Siege Workshop |
| 27:19 | GuilleLeopold17 · first_building Castle |
| 27:28 | Josep Zicri · wall_segment Stone Wall x9 |
| 27:32 | Josep Zicri · wall_segment Stone Wall x7 |
| 27:36 | Josep Zicri · wall_segment Stone Wall x9 |
| 27:41 | BrettOps · first_building Monastery |
| 27:54 | Josep Zicri · wall_segment Stone Wall x17 |
| 28:56 | BrettOps · wall_segment Stone Wall x9 |
| 29:34 | BrettOps · wall_segment Stone Wall x5 |
| 29:58 | LenientFiddle · first_building Siege Workshop |
| 30:07 | BrettOps · wall_segment Stone Wall x7 |
| 30:29 | Ratchet08 · wall_segment Stone Wall x3 |
| 30:32 | BrettOps · wall_segment Stone Wall x4 |
| 31:09 | BrettOps · wall_segment Stone Wall x3 |
| 31:22 | LenientFiddle · first_building Barracks |
| 31:52 | LenientFiddle · first_building Stable |
| 31:52 | Ratchet08 · wall_segment Stone Wall x1 |
| 31:54 | Ratchet08 · wall_segment Stone Wall x1 |
| 31:55 | Ratchet08 · wall_segment Stone Wall x1 |
| 31:56 | Ratchet08 · wall_segment Stone Wall x1 |
| 31:58 | Ratchet08 · wall_segment Stone Wall x1 |
| 32:05 | Josep Zicri · wall_segment Stone Wall x19 |
| 32:07 | BrettOps · wall_segment Stone Wall x3 |
| 32:09 | superflas007z · age_up imperial |
| 32:39 | BrettOps · wall_segment Stone Wall x1 |
| 32:42 | Ratchet08 · first_building Stable |
| 33:53 | Ratchet08 · first_building Archery Range |
| 34:15 | LenientFiddle · age_up imperial |
| 34:29 | Ratchet08 · age_up imperial |
| 35:29 | vitavidal91 · first_market_sell 100 food |
| 37:59 | BrettOps · wall_segment Stone Wall x16 |
| 38:44 | vitavidal91 · age_up imperial |
| 38:54 | vitavidal91 · first_building Monastery |
| 39:07 | felipegarcia92 · age_up imperial |
| 40:54 | superflas007z · first_building Monastery |
| 41:01 | Ratchet08 · wall_segment Stone Wall x1 |
| 41:02 | Ratchet08 · wall_segment Stone Wall x1 |
| 41:04 | Ratchet08 · wall_segment Stone Wall x1 |
| 41:05 | Ratchet08 · wall_segment Stone Wall x1 |
| 41:07 | Ratchet08 · wall_segment Stone Wall x1 |
| 41:38 | Ratchet08 · first_building Monastery |
| 42:02 | GuilleLeopold17 · age_up imperial |
| 42:45 | superflas007z · first_building Stable |
| 43:26 | Josep Zicri · age_up imperial |
| 49:54 | superflas007z · wall_segment Stone Wall x9 |
| 50:08 | superflas007z · wall_segment Stone Wall x9 |
| 51:35 | superflas007z · first_market_sell 100 wood |
| 53:28 | superflas007z · wall_segment Stone Wall x8 |
| 53:52 | GuilleLeopold17 · first_building Stable |
| 55:52 | BrettOps · wall_segment Palisade Wall x4 |
| 56:20 | Josep Zicri · first_market_sell 100 food |
| 57:02 | BrettOps · wall_segment Stone Wall x4 |
| 57:22 | felipegarcia92 · first_market_sell 500 wood |
| 57:48 | BrettOps · wall_segment Palisade Wall x1 |
| 58:01 | Ratchet08 · wall_segment Stone Wall x1 |
| 58:22 | LenientFiddle · tribute_sent a jugador 1 |
| 58:22 | LenientFiddle · tribute_sent a jugador 2 |
| 58:22 | LenientFiddle · tribute_sent a jugador 3 |
| 58:22 | LenientFiddle · tribute_sent a jugador 5 |
| 58:22 | LenientFiddle · tribute_sent a jugador 6 |
| 58:22 | LenientFiddle · tribute_sent a jugador 7 |
| 58:22 | LenientFiddle · tribute_sent a jugador 8 |
| 59:05 | BrettOps · first_building Siege Workshop |
| 60:50 | GuilleLeopold17 · first_market_sell 500 stone |
| 61:25 | Ratchet08 · wall_segment Stone Wall x4 |
| 62:50 | BrettOps · first_building Stable |
| 63:51 | BrettOps · age_up imperial |
| 64:06 | Josep Zicri · wall_segment Stone Wall x6 |
| 64:16 | Ratchet08 · wall_segment Stone Wall x1 |
| 64:18 | Ratchet08 · wall_segment Stone Wall x1 |
| 65:46 | vitavidal91 · first_building Siege Workshop |
| 66:15 | felipegarcia92 · first_building Siege Workshop |
| 67:55 | felipegarcia92 · wall_segment Stone Wall x23 |
| 71:31 | BrettOps · wall_segment Stone Wall x5 |
| 72:29 | Josep Zicri · resign |
[ ANÁLISIS IA · 1 CRÉDITO ]
¿Qué pasó realmente en esta partida?
Wolo.gg analiza cada decisión: build order, eco, micro, errores típicos por bracket. Análisis personalizado por WhatsApp o Discord en 30 segundos.
Guía civ
Yurchen
Perfil
Jugador #1901962